 Dungeon Crawl Stone Soup version 0.20.1 (webtiles) character file.

13463 dvd the Reanimator (level 11, 0/93 HPs)
             Began as a Deep Dwarf Necromancer on July 2, 2017.
             Was a High Priest of Makhleb.
             Slain by a minotaur
             ... wielding a +0 quarterstaff
              (11 damage)
             ... in a labyrinth.
             The game lasted 01:01:17 (12180 turns).

dvd the Reanimator (Deep Dwarf Necromancer)        Turns: 12180, Time: 01:01:18

Health: 0/93       AC: 14    Str: 22    XL:     11   Next: 75%
Magic:  22/22      EV: 20    Int: 16    God:    Makhleb [*****.]
Gold:   638        SH:  0    Dex: 19    Spells: 14/27 levels left

rFire    + . .     SeeInvis .   F - +3 morningstar (vamp)
rCold    . . .     Gourm    .   (no shield)
rNeg     . . .     Faith    .   h - +1 ring mail {rF+}
rPois    +         Spirit   .   (no helmet)
rElec    .         Reflect  .   v - +2 cloak {rPois}
rCorr    .         Harm     +   s - +2 pair of gloves {Str+3}
MR       +....                  (no boots)
Stlth    +++.......             i - amulet of harm
Regen    0.0/turn               (no ring)
MPRegen  0.2/turn               (no ring)

@: mighty, agile, non-regenerating
A: damage resistance, heal wounds, sense surroundings 2, no regeneration
a: Heal Wounds, Minor Destruction, Lesser Servant of Makhleb, Major Destruction,
Greater Servant of Makhleb, Renounce Religion


You were in a labyrinth.
You worshipped Makhleb.
Makhleb was extremely pleased with you.
You were not hungry.

You visited 3 branches of the dungeon, and saw 13 of its levels.
You also visited: Labyrinth and Sewer.

You collected 638 gold pieces.

Inventory:

Hand Weapons
 a - a +2 dagger of freezing
 k - a +3 short sword of venom
 o - the +1 whip "Ziunypin" {protect, rPois Stlth+}
   (You found it on level 10 of the Dungeon)

   It protects the one who uses it against injury (+AC on strike).
   It protects you from poison.
   It makes you more stealthy.
 u - a +2 quarterstaff of chaos
 F - a +3 vampiric morningstar (weapon)
 H - a +2 hand axe of flaming
 J - a +2 broad axe of venom
Armour
 h - a +1 ring mail of fire resistance (worn)
 s - a +2 pair of gloves of strength (worn)
 v - a +2 cloak of poison resistance (worn)
 K - a +3 ring mail
Jewellery
 i - an amulet of harm (around neck)
Wands
 p - a wand of iceblast (3/15)
 y - a wand of iceblast (7/15)
 A - a wand of lightning (9/15)
 C - a wand of confusion (24/48)
 D - a wand of clouds (6/9)
 E - a wand of flame (13/48)
 L - a wand of lightning (2/15)
 M - a wand of paralysis (10/24)
Scrolls
 d - 6 scrolls of remove curse
 f - 5 scrolls of identify
 m - 6 scrolls of teleportation
 r - 2 scrolls of amnesia
Potions
 e - 2 potions of might
 n - 7 potions of curing
 t - a potion of invisibility
 x - 4 potions of brilliance
 B - 3 potions of flight
 I - a potion of magic
Books
 b - a book of Necromancy

   Spells                             Type                      Level
   a - Pain                           Necromancy                   1
   b - Animate Skeleton               Necromancy                   1
   c - Vampiric Draining              Necromancy                   3
   d - Regeneration                   Charms/Necromancy            3
   e - Animate Dead                   Necromancy                   4
   f - Control Undead                 Necromancy                   4
 l - a book of Party Tricks

   Spells                             Type                      Level
   a - Summon Butterflies             Summoning                    1
   b - Apportation                    Translocation                1
   c - Lesser Beckoning               Translocation                3
   d - Tukima's Dance                 Hexes                        3
   e - Alistair's Intoxication        Transmutation/Poison         5
   f - Invisibility                   Hexes                        6
Comestibles
 c - 10 bread rations
 g - 45 fruits
 j - 4 royal jellies
 q - 2 meat rations


   Skills:
 + Level 4.7 Fighting
 + Level 4.3 Short Blades
 + Level 7.1 Maces & Flails
 + Level 6.7 Armour
 + Level 5.1 Dodging
 + Level 4.6 Stealth
 + Level 8.7 Spellcasting
 + Level 11.3 Necromancy
 + Level 1.1 Invocations
 + Level 0.6 Evocations


You had 14 spell levels left.
You knew the following spells:

 Your Spells              Type           Power        Failure   Level  Hunger
a - Pain                  Necr           ####         1%          1    None
b - Vampiric Draining     Necr           #####.....   1%          3    #......
c - Animate Dead          Necr           N/A          1%          4    ###....
d - Control Undead        Necr           #####.....   1%          4    ###....
e - Apportation           Tloc           #.....       16%         1    None


Dungeon Overview and Level Annotations

Branches:
Dungeon (10/15)            Temple (1/1) D:4            Lair (2/6) D:10
  Snake (0/4) Lair:2          Orc (0/2) D:10
  Swamp: Lair:2-4    Shoals: Lair:2-4

Altars:
Ashenzari
Cheibriados
Dithmenos
Elyvilon
Fedhas
Gozag
Hepliaklqana
Kikubaaqudgha
Makhleb
Nemelex Xobeh
Okawaru
Qazlal
Ru
Sif Muna
Trog
Uskayaw
Vehumet
Xom
Yredelemnul
Zin
The Shining One

Shops:
D:5 ?   D:7 ((


Innate Abilities, Weirdness & Mutations

You are resistant to damage.
You can heal yourself by infusing magical energy.
You passively map the area around you.
You do not regenerate.


Message History

The minotaur completely misses you. The minotaur closely misses you.
The minotaur gores you!
You closely miss the minotaur.
The minotaur hits you with a quarterstaff!!
The minotaur closely misses you.
You hit the minotaur but do no damage.
The minotaur hits you but does no damage.
The minotaur gores you!
You feel agile all of a sudden.
The minotaur hits you with a quarterstaff!!
* * * LOW HITPOINT WARNING * * *
The minotaur gores you!
* * * LOW HITPOINT WARNING * * *
Unknown command.
Your magical essence is drained by the effort!
You feel much better.
The minotaur hits you with a quarterstaff!
* * * LOW HITPOINT WARNING * * *
The minotaur gores you!
You die...

. ## # # . ..
. ... .. # #
## .# # #####
..
..#........#
.# .#.######.
.#. .#. #.# #
. . #.#.####.#
. #..#
#H@....# #. #
.
.#############
# # ..
........ . # #
# ##### #####
.## .. #.
....... ... #
# #.# ..## # #
# # . . ... ..
.. #.# # # #
#.#.# . # #
.#. . #.#


You could see a minotaur.

Vanquished Creatures
  A hydra (Lair:2)
  A two-headed ogre (D:10)
  The ghost of dvd the Thaumaturge, a novice DEFE of Vehumet (D:8)
  2 unseen horrors
  Pikel (D:9)
  A cyclops (D:10)
  A black mamba (Lair:1)
  Maurice (D:10)
  2 spiny frogs
  A komodo dragon (Lair:1)
  Prince Ribbit (D:5)
  Grinder (D:6)
  A hippogriff (D:10)
  2 wyverns
  Grum (D:10)
  4 yaks (D:9)
  Menkaure (D:6)
  3 porcupines
  3 water moccasins
  Duvessa (D:6)
  4 ice beasts
  7 orc warriors
  A phantom (D:5)
  A sky beast (D:10)
  A black bear (D:9)
  An eye of draining (D:9)
  8 ogres
  4 wolves (D:10)
  3 centaurs
  2 crocodiles
  3 big kobolds
  2 bullfrogs
  Dowan (D:6)
  A wyvern skeleton (D:6)
  A scorpion (D:4)
  3 killer bees (D:10)
  3 wights (D:10)
  9 crimson imps
  2 jellies
  2 hounds
  Crazy Yiuf (D:3)
  2 centaur skeletons
  7 orc priests
  12 orc wizards
  A bullfrog skeleton (D:10)
  6 iguanas
  12 worker ants
  Natasha (D:2)
  Terence (D:2)
  3 hound skeletons
  A worker ant zombie (D:6)
  Robin (D:4)
  A howler monkey zombie (D:7)
  A gnoll (D:7)
  17 adders
  A river rat (D:4)
  2 shadow imps
  5 oozes
  An adder skeleton (D:4)
  3 adder zombies
  5 worms (D:3)
  5 leopard geckos
  36 orcs
  6 ball pythons
  6 giant cockroaches
  24 goblins
  4 hobgoblins
  8 jackals
  5 quokkas
  5 bats
  7 frilled lizards
  21 kobolds
  2 leopard gecko skeletons
  10 rats
312 creatures vanquished.

Vanquished Creatures (collateral kills)
  A troll (D:10)
  A hungry ghost (D:9)
  2 slaves (D:9)
  A phantom (D:9)
  A wight (D:10)
  A worker ant (D:10)
  An adder (D:7)
  A gnoll (D:7)
  A leopard gecko (D:10)
  7 orcs
  2 kobolds (D:10)
19 creatures vanquished.

Vanquished Creatures (others)
  A bullfrog skeleton (D:10)
  A gnoll (D:7)
2 creatures vanquished.

Grand Total: 333 creatures vanquished

Notes
Turn   | Place    | Note
-------+----------+-------------------------------------------
     0 | D:1      | dvd the Deep Dwarf Necromancer began the quest for the Orb.
     0 | D:1      | Reached XP level 1. HP: 15/15 MP: 3/3
   395 | D:1      | Reached XP level 2. HP: 17/22 MP: 0/4
   996 | D:2      | Reached skill level 5 in Necromancy
  1066 | D:2      | Noticed Terence
  1088 | D:2      | Killed Terence
  1088 | D:2      | Reached XP level 3. HP: 22/28 MP: 6/6
  1301 | D:2      | Learned a level 3 spell: Vampiric Draining
  1475 | D:2      | Reached XP level 4. HP: 28/37 MP: 4/8
  1574 | D:2      | Noticed Natasha
  1580 | D:2      | Killed Natasha
  1904 | D:3      | Found a shimmering altar of Xom.
  1921 | D:3      | Reached XP level 5. HP: 23/43 MP: 9/9
  2051 | D:3      | Learned a level 4 spell: Animate Dead
  2122 | D:3      | Reached skill level 1 in Short Blades
  2309 | D:3      | Reached skill level 1 in Armour
  2412 | D:3      | Found a shimmering altar of Xom.
  2643 | D:3      | Reached XP level 6. HP: 50/50 MP: 11/11
  2676 | D:3      | Found a runed door.
  2680 | D:3      | Noticed Crazy Yiuf
  2688 | D:3      | Killed Crazy Yiuf
  2846 | D:3      | Found a shattered altar of Ashenzari.
  2846 | D:3      | Found a hazy altar of Hepliaklqana.
  3176 | D:3      | Reached skill level 1 in Fighting
  3251 | D:3      | Reached skill level 6 in Necromancy
  3383 | D:4      | Reached XP level 7. HP: 52/57 MP: 1/13
  3561 | D:4      | Found a glowing drain.
  3608 | Sewer    | Entered a sewer
  3990 | D:4      | Found a staircase to the Ecumenical Temple.
  3997 | Temple   | Entered the Ecumenical Temple
  4091 | Temple   | Became a worshipper of Makhleb the Destroyer
  4434 | D:4      | Noticed Robin
  4496 | D:4      | Reached * piety under Makhleb
  4506 | D:4      | Killed Robin
  4944 | D:5      | Entered Level 5 of the Dungeon
  4993 | D:5      | Reached skill level 7 in Necromancy
  5001 | D:5      | Reached skill level 5 in Spellcasting
  5001 | D:5      | Reached XP level 8. HP: 63/64 MP: 10/15
  5045 | D:5      | Found an iron altar of Okawaru.
  5287 | D:5      | Noticed Prince Ribbit
  5297 | D:5      | Killed Prince Ribbit
  5302 | D:5      | Found Iplairuev's Magic Scroll Shop.
  5616 | D:6      | Noticed Grinder
  5631 | D:6      | Killed Grinder
  5631 | D:6      | Reached skill level 8 in Necromancy
  6016 | D:6      | Gained mutation: You passively map the area around you. [Deep Dwarf growth]
  6016 | D:6      | Reached XP level 9. HP: 65/73 MP: 14/17
  6037 | D:6      | Noticed Duvessa
  6039 | D:6      | Noticed Dowan
  6045 | D:6      | Noticed Menkaure
  6052 | D:6      | Killed Duvessa
  6056 | D:6      | Killed Dowan
  6069 | D:6      | Killed Menkaure
  6069 | D:6      | Reached ** piety under Makhleb
  6145 | D:6      | Learned a level 4 spell: Control Undead
  6356 | D:7      | Reached skill level 9 in Necromancy
  6427 | D:7      | Identified a scroll of acquirement
  6554 | D:7      | Found a snail-covered altar of Cheibriados.
  6619 | D:7      | Found Wuphi's Distillery.
  6689 | D:7      | Found Teniesme's Antique Weapon Boutique.
  6797 | D:7      | Found Mac Jeny's Weapon Emporium.
  6972 | D:7      | Reached skill level 1 in Maces & Flails
  7183 | D:8      | Found a hide-covered altar of Uskayaw.
  7685 | D:8      | You fall through a shaft for 2 floors!
  7685 | D:10     | Entered Level 10 of the Dungeon
  7691 | D:10     | Got a bloodstained whip
  7702 | D:10     | Reached skill level 5 in Armour
  7774 | D:10     | Reached *** piety under Makhleb
  7793 | D:10     | Found a staircase to the Orcish Mines.
  7893 | D:10     | Reached XP level 10. HP: 76/82 MP: 5/20
  7908 | D:10     | Noticed a cyclops
  7931 | D:10     | Killed a cyclops
  8089 | D:10     | Noticed a two-headed ogre
  8095 | D:10     | Killed a two-headed ogre
  8105 | D:10     | Noticed Maurice
  8112 | D:10     | Killed an unseen horror
  8112 | D:10     | Reached skill level 10 in Necromancy
  8156 | D:10     | Reached skill level 1 in Invocations
  8315 | D:10     | HP: 1/84 [orc priest/divine providence (17)]
  8343 | D:10     | Reached **** piety under Makhleb
  8487 | D:10     | Noticed Grum
  8501 | D:10     | Killed Grum
  8886 | D:10     | Found a staircase to the Lair.
  8963 | D:10     | Killed Maurice
  9205 | D:10     | Reached skill level 5 in Maces & Flails
  9205 | D:10     | Reached XP level 11. HP: 81/91 MP: 15/22
  9409 | D:9      | Identified the cursed +1 whip "Ziunypin" {protect, rPois Stlth+} (You found it on level 10 of the Dungeon)
  9471 | D:9      | Killed an unseen horror
  9530 | D:9      | Found an opulent altar of Gozag.
  9769 | D:9      | Found an ancient bone altar of Kikubaaqudgha.
  9802 | D:9      | Reached skill level 11 in Necromancy
  9869 | D:9      | Noticed Pikel
  9889 | D:9      | Killed Pikel
 10080 | D:9      | Found a radiant altar of Vehumet.
 10343 | D:8      | Noticed dvd's ghost (novice DEFE)
 10354 | D:8      | Killed dvd's ghost
 10785 | Lair:1   | Entered Level 1 of the Lair of Beasts
 10813 | Lair:1   | Reached ***** piety under Makhleb
 11017 | Lair:1   | Learned a level 1 spell: Apportation
 11481 | Lair:2   | Found a staircase to the Snake Pit.
 11501 | Lair:2   | Found a labyrinth entrance.
 11530 | Lair:2   | Noticed a five-headed hydra
 11537 | Lair:2   | Killed a five-headed hydra
 11551 | Lair:2   | Reached skill level 5 in Dodging
 11728 | Lab      | Entered a labyrinth
 12174 | Lab      | Noticed a minotaur
 12180 | Lab      | Slain by a minotaur

Skill      XL: |  1  2  3  4  5  6  7  8  9 10 11 |
---------------+----------------------------------+-----
Spellcasting   | 2 3 4 5 6 7 8 |  8.7
Necromancy     | 5 6 7 8 9 10 11 | 11.3
Short Blades   | 1 2 3 4 |  4.3
Armour         | 1 2 4 5 6 |  6.7
Fighting       | 1 2 3 4 |  4.7
Stealth        | 3 4 |  4.6
Dodging        | 3 4 5 |  5.1
Maces & Flails | 2 5 7 |  7.1
Invocations    | 1 |  1.1
Evocations     | |  0.6

Action                   |  1- 3 |  4- 6 |  7- 9 | 10-12 || total
-------------------------+-------+-------+-------+-------++-------
Melee: Unarmed           |    21 |       |       |       ||    21
       Short sword       |       |    81 |   257 |     5 ||   343
       Dagger            |       |       |    30 |       ||    30
       Morningstar       |       |       |    99 |   289 ||   388
       Broad axe         |       |       |       |     4 ||     4
       Hand axe          |       |       |       |     2 ||     2
 Cast: Pain              |    49 |    37 |    43 |    20 ||   149
       Vampiric Draining |       |    34 |    76 |    81 ||   191
       Animate Dead      |       |       |    12 |    15 ||    27
       Control Undead    |       |       |     1 |     7 ||     8
Invok: Minor Destruction |       |       |     2 |     7 ||     9
 Abil: Heal Wounds       |       |     1 |     1 |     4 ||     6
Evoke: Wand              |       |       |       |     5 ||     5
  Use: Potion            |       |       |    10 |    11 ||    21
       Scroll            |       |       |    12 |    10 ||    22
 Stab: Sleeping          |       |     2 |    12 |     4 ||    18
       Distracted        |       |     1 |       |     2 ||     3
  Eat: Chunk             |     2 |    10 |    22 |    19 ||    53
       Meat ration       |       |       |       |     2 ||     2
Armor: Robe              |     1 |       |       |       ||     1
       Skin              |     1 |       |       |       ||     1
       Leather armour    |       |    19 |    37 |       ||    56
       Ring mail         |       |       |   139 |   171 ||   310
Dodge: Dodged            |    26 |    51 |   285 |   254 ||   616
